 Dungeon Crawl Stone Soup version 0.30-a0-439-g9e77e4d916 (webtiles) character file.

Game seed: 10701734339426725249

702 bande the Chopper (level 7, -3/44 HPs)
             Began as a Gargoyle Fighter on Dec 10, 2022.
             Slain by a killer bee (4 damage)
             ... on level 5 of the Dungeon.
             The game lasted 00:08:05 (4574 turns).

bande the Chopper (Gargoyle Fighter)                Turns: 4574, Time: 00:08:06

Health: -3/44      AC: 18    Str: 20    XL:     7   Next: 66%
Magic:  7/7        EV:  5    Int:  8    God:
Gold:   278        SH:  4    Dex: 11    Spells: 6/6 levels left

rFire   + . .      SeeInvis .    a - +1 war axe
rCold   . . .      Faith    .    c - +0 buckler
rNeg    + . .      Spirit   .    g - +0 plate armour
rPois   ∞          Reflect  .    v - +0 helmet
rElec   +          Harm     .    (no cloak)
rCorr   .          Rampage  .    (no gloves)
Will    +....                    (no boots)
Stlth   ..........               (no amulet)
HPRegen 0.27/turn                f - ring of willpower
MPRegen 0.10/turn                o - ring of protection from fire

@: no status effects
A: sickness immunity, AC +4, negative energy resistance 1, electricity
resistance, torment resistance 1, petrification resistance
a: no special abilities


You were on level 5 of the Dungeon.
You visited 1 branch of the dungeon, and saw 5 of its levels.

You collected 278 gold pieces.

Inventory:

Hand Weapons
 a - a +1 war axe (weapon)
 x - a +0 flail
Armour
 c - a +0 buckler (worn)
 g - a +0 plate armour (worn)
 p - a +1 leather armour of fire resistance
 v - a +0 helmet (worn)
Jewellery
 f - a ring of willpower (left hand)
 i - an amulet of faith
 o - a ring of protection from fire (right hand)
 r - a ring of positive energy
Wands
 u - a wand of flame (4)
Scrolls
 b - a scroll of blinking {unknown}
 j - a scroll of identify {unknown}
 k - a scroll of teleportation
Potions
 d - 2 potions of might
 e - a potion of resistance
 h - 3 potions of curing
 l - a potion of cancellation {unknown}
 s - a potion of heal wounds {unknown}
 t - a potion of haste {unknown}
 w - a potion of degeneration {unknown}


   Skills:
 + Level 4.8 Fighting
 + Level 5.3 Axes
 + Level 5.3 Armour
 + Level 4.3 Shields
 * Level 1.2 Evocations


You had 6 spell levels left.
You didn't know any spells.
Your spell library was empty.

Dungeon Overview and Level Annotations

Branches:
Dungeon (5/15)
 Temple: D:4-7

Altars:
Ru
Sif Muna
Trog
Xom

Shops:
D:1 [


Innate Abilities, Weirdness & Mutations

You are immune to sickness and miasma.
Your stone body is resilient. (AC +4)
You are immune to poison.
You resist negative energy. (rN+)
You are resistant to electric shocks. (rElec)
You are resistant to unholy torment.
You are immune to petrification.


Message History

A killer bee comes into view.
You closely miss the killer bee.
The killer bee stings you but does no damage.
The killer bee barely misses you.
A hound comes into view.
You block the killer bee's attack.
You hit the killer bee.
The killer bee is lightly wounded.
The killer bee stings you but does no damage.
The killer bee stings you.
You miss the killer bee.
The killer bee is lightly wounded.
The killer bee stings you but does no damage.
The killer bee barely misses you. The killer bee stings you.
You closely miss the killer bee. The killer bee stings you!
You block the killer bee's attack. The killer bee stings you.
* * * LOW HITPOINT WARNING * * *
You miss the killer bee. You block the killer bee's attack.
The killer bee barely misses you.
You hit the killer bee.
The killer bee is moderately wounded.
The killer bee stings you.
* * * LOW HITPOINT WARNING * * *
The killer bee stings you but does no damage. x2
You closely miss the killer bee.
The killer bee is moderately wounded.
The killer bee stings you.
* * * LOW HITPOINT WARNING * * *
The killer bee stings you.
* * * LOW HITPOINT WARNING * * *
You hit the killer bee.
The killer bee is heavily wounded.
You block the killer bee's attack.
The killer bee stings you but does no damage. x2
You closely miss the killer bee.
The killer bee is heavily wounded.
The killer bee stings you!
* * * LOW HITPOINT WARNING * * *
The killer bee stings you.
You die...

#.# #....###.....
#.# #.#.#######<#
#.# #.#...# #.# #.#
#####.## #.#
##.########..# #.#
#..........#.# #.#
#......>...#.####.#
#.$........#...##.#
##@###..#..........
#y# ##.######....#
#y# ............#
#y# # ........#..
#y# ........#.# #y#
........#.# #y#
........#.# #h#
........#.#
##..#####.#


You could see a hound and 6 killer bees.

Vanquished Creatures
  A black bear (D:4)
  2 scorpions
  A howler monkey (D:5)
  A jelly (D:4)
  A hound (D:5)
  A gnoll bouda (D:5)
  Terence (D:3)
  Ijyb (D:3)
  2 orc wizards (D:5)
  Robin (D:4)
  4 gnolls
  10 adders
  A shadow imp (D:4)
  12 orcs
  10 ball pythons
  6 endoplasms
  2 giant cockroaches
  19 goblins
  11 hobgoblins
  6 jackals
  10 kobolds
  2 quokkas
  7 bats
  2 frilled lizards
  5 rats
119 creatures vanquished.

Vanquished Creatures (others)
  2 plants (D:1)
2 creatures vanquished.

Grand Total: 121 creatures vanquished

Notes
Turn   | Place    | Note
-------+----------+-------------------------------------------
     0 | D:1      | bande the Gargoyle Fighter began the quest for the Orb.
     0 | D:1      | Reached XP level 1. HP: 14/14 MP: 1/1
    38 | D:1      | Reached XP level 2. HP: 19/19 MP: 2/2
   195 | D:1      | Found Agoecwesau's Armour Shop.
   274 | D:1      | Reached XP level 3. HP: 23/23 MP: 3/3
  1211 | D:2      | Reached XP level 4. HP: 15/29 MP: 4/4
  2142 | D:3      | Found a bloodstained altar of Trog.
  2270 | D:3      | Noticed Terence
  2277 | D:3      | Killed Terence
  2346 | D:3      | Noticed Ijyb
  2370 | D:3      | Killed Ijyb
  2371 | D:3      | Reached XP level 5. HP: 29/33 MP: 5/5
  2484 | D:3      | Found a shimmering blue altar of Sif Muna.
  2601 | D:3      | Identified the +5 dagger "Imp's Peril" {vorpal, Int+4}
  3085 | D:4      | Reached XP level 6. HP: 34/38 MP: 6/6
  3220 | D:4      | Noticed a black bear
  3238 | D:4      | Killed a black bear
  3432 | D:4      | Noticed Robin
  3459 | D:4      | Killed Robin
  3706 | D:4      | Reached skill level 5 in Armour
  3718 | D:4      | Found a shimmering altar of Xom.
  3743 | D:4      | Found a shimmering altar of Xom.
  3743 | D:4      | Found a shimmering altar of Xom.
  3743 | D:4      | Found a shimmering altar of Xom.
  3744 | D:4      | Found a shimmering altar of Xom.
  3834 | D:4      | Reached XP level 7. HP: 42/44 MP: 7/7
  4042 | D:5      | Entered Level 5 of the Dungeon
  4088 | D:5      | Reached skill level 5 in Axes
  4104 | D:5      | Reached skill level 1 in Evocations
  4430 | D:5      | Found a sacrificial altar of Ru.
  4574 | D:5      | HP: 1/44 [killer bee (7)]
  4574 | D:5      | Slain by a killer bee

Illustrated notes

Levels and vault maps discovered:
D:1:      tekkud_arrival_beachfront_property, layout_loops_ring, serial_shops,
          shop_statue, amcnicky_mini_rare_corridor_liquid, serial_bayou_lagoon_a
D:2:      layout_loops_cross, minmay_misc_feat_cross
D:3:      layout_loops_corners, overflow_temple_1_default,
          trog_three_pillars_becter, uniq_ijyb, uniq_terence
D:4:      layout_basic, xom_redecorated, kennysheep_generic_room_9, uniq_robin
D:5:      layout_rooms, nicolae_ru_path_of_blood

Skill      XL: |  1  2  3  4  5  6  7 |
---------------+----------------------+-----
Axes           | 2 3 4 5 |  5.3
Armour         | 4 5 |  5.3
Fighting       | 4 |  4.8
Shields        | 4 |  4.3
Evocations     | 1 |  1.2

Action                   |  1- 3 |  4- 6 |  7- 9 || total
-------------------------+-------+-------+-------++-------
Melee: War axe           |   108 |   210 |    80 ||   398
  Use: Scroll            |       |       |     5 ||     5
       Potion            |       |       |     5 ||     5
Armor: Scale mail        |    18 |       |       ||    18
       Plate armour      |    64 |   202 |   102 ||   368
Dodge: Dodged            |    56 |    72 |    39 ||   167
Block: Buckler           |    22 |    47 |    27 ||    96

Table legend: (Time is in decaauts)
 A = Elapsed time spent in this place.
 B = Non-inter-level travel time spent in this place.
 C = Inter-level travel time spent in this place.
 D = Time resting spent in this place.
 E = Time spent auto-exploring this place.
 F = Levels seen in this place.
 G = Mean time per level.
                   A        B        C        D        E       F      G
               +--------+--------+--------+--------+--------+-----+--------+
         Total |   4726 |   4464 |    262 |    561 |   2920 |   5 |  945.2 |
       Dungeon |   4726 |   4464 |    262 |    561 |   2920 |   5 |  945.2 |
               +--------+--------+--------+--------+--------+-----+--------+

Top non-repeatable levels by time:
     D:4: 1195 daAuts
     D:2: 1079 daAuts
     D:1: 954 daAuts
     D:3: 942 daAuts
     D:5: 554 daAuts
